 Dungeon Crawl Stone Soup version 0.29.1-2-gbd0b4ee654 (webtiles) character file.

Game seed: 6358815190309706519

16 Low2 the Poker (level 2, 0/29 HPs)
             Began as an Ogre Gladiator on Oct 25, 2022.
             Was a High Priest of Ignis.
             Slain by a jackal (3 damage)
             ... on level 1 of the Dungeon.
             The game lasted 00:01:47 (607 turns).

Low2 the Poker (Ogre Gladiator)                      Turns: 607, Time: 00:01:50

Health: 0/29       AC:  3    Str: 17    XL:     2   Next: 54%
Magic:  2/2        EV: 10    Int:  9    God:    Ignis [*****.]
Gold:   36         SH:  0    Dex: 10    Spells: 1/1 levels left

rFire   + . .      SeeInvis .   a - +0 trident
rCold   . . .      Faith    .   (no shield)
rNeg    . . .      Spirit   .   b - +0 robe
rPois   .          Reflect  .   c - +0 hat
rElec   .          Harm     .   (no cloak)
rCorr   .          Rampage  .   (gloves unavailable)
Will    .....                   (boots unavailable)
Stlth   +.........              (no amulet)
HPRegen 0.09/turn               (no ring)
MPRegen 0.08/turn               (no ring)

@: no status effects
A: large, unfitting armour, tough skin 1
a: Renounce Religion, Fiery Armour, Foxfire Swarm, Rising Flame


You were on level 1 of the Dungeon.
You worshipped Ignis.
Ignis was extremely pleased with you.
You visited 1 branch of the dungeon, and saw 1 of its levels.

You collected 36 gold pieces.

Inventory:

Hand Weapons
 a - a +0 trident (weapon)
Armour
 b - a +0 robe (worn)
 c - a +0 hat (worn)
Scrolls
 g - a scroll of acquirement {unknown}
 h - a scroll of identify {unknown}
Potions
 f - a potion of curing {unknown}


   Skills:
 + Level 2.8 Fighting
 + Level 3.3 Polearms
 + Level 2.1 Throwing
 + Level 3.0 Dodging


You had one spell level left.
You didn't know any spells.
Your spell library was empty.

Dungeon Overview and Level Annotations

Branches:
Dungeon (1/15)

Altars:
Ignis


Innate Abilities, Weirdness & Mutations

You are too large for most types of armour.
You have tough skin. (AC +1)


Message History

The jackal barely misses you. The frilled lizard barely misses you.
The jackal bites you but does no damage.
The frilled lizard bites you but does no damage.
Throw: 2 throwing nets
Press: ? - help, Q - select action, (/) - cycle Shift-Dir - straight line, f/p - jackal
Aim: a jackal (50% to hit)
You throw a throwing net. The throwing net hits the jackal.
The jackal is caught in the net!
The jackal struggles against the net.
The jackal barely misses you.
The jackal struggles against the net.
The frilled lizard bites you but does no damage.
The frilled lizard bites you.
* * * LOW HITPOINT WARNING * * *
You puncture the frilled lizard!
You kill the frilled lizard!
The jackal closely misses you.
The jackal struggles against the net.
The frilled lizard completely misses you.
The jackal barely misses you.
The jackal struggles against the net. x2
The net rips apart, and the jackal comes free!
Throw: throwing net
Press: ? - help, Q - select action, (/) - cycle Shift-Dir - straight line, f - jackal, p - jackal
Aim: a jackal (50% to hit)
You throw a throwing net. The throwing net hits the jackal.
The jackal is caught in the net!
The jackal struggles against the net.
The jackal bites you.
* * * LOW HITPOINT WARNING * * *
The frilled lizard bites you but does no damage.
You hit the jackal.
You kill the jackal!
The jackal bites you but does no damage.
The frilled lizard barely misses you. The jackal bites you.
* * * LOW HITPOINT WARNING * * *
Throw: large rock
Press: ? - help, Q - select action Shift-Dir - straight line, f - jackal
Aim: a jackal (50% to hit)
You throw a large rock.
The large rock barely misses the jackal.
The jackal bites you.
You die...

###############
#)....#.......#
#.....#....[..# #######
#.....#.......###...(..#
##.....'.......#...~~~~..
.......#...)...#..~~~~~~.
.......#..........~~~~~~.
##.....#.......l(h.~~~~(.
.......#####.#.#@#.~~~~..
######## #.#.###.......
... ..... ....... ###
##.###. .....!. #######
......... ########.....#
........ #......#.###'#
.####### '......#.#...#
####### #......#.#.####
##.....####.


You could see a jackal and a frilled lizard.

Vanquished Creatures
  A dart slug (D:1)
  An endoplasm (D:1)
  A giant cockroach (D:1)
  3 hobgoblins (D:1)
  A jackal (D:1)
  5 frilled lizards (D:1)
  A kobold (D:1)
  A rat (D:1)
  A toadstool (D:1)
15 creatures vanquished.

Vanquished Creatures (others)
  2 fungi (D:1)
  4 plants (D:1)
  3 toadstools (D:1)
9 creatures vanquished.

Grand Total: 24 creatures vanquished

Notes
Turn   | Place    | Note
-------+----------+-------------------------------------------
     0 | D:1      | Low2 the Ogre Gladiator began the quest for the Orb.
     0 | D:1      | Reached XP level 1. HP: 22/22 MP: 1/1
   413 | D:1      | Found a faded altar of an unknown god.
   446 | D:1      | Reached XP level 2. HP: 29/29 MP: 2/2
   447 | D:1      | Prayed at the altar of an unknown god.
   447 | D:1      | Became a worshipper of Ignis, the Dying Flame
   607 | D:1      | Slain by a jackal

Illustrated notes

Levels and vault maps discovered:
D:1:      ldierk_water_garden, layout_basic, shapermc_ecumenical_altar_ellora,
          minmay_lizard_pond

Skill      XL: |  1  2 |
---------------+-------+-----
Dodging        | 3 |  3.0
Fighting       | |  2.8
Polearms       | |  3.3
Throwing       | |  2.1

Action                   || total
-------------------------++-------
Melee: Trident           ||    41
Throw: Throwing net      ||     4
       Large rock        ||     1
Armor: Robe              ||    17
Dodge: Dodged            ||    29
